Map: Moonlight Madness LE (Void)

Players

Javert

  • Race: Zerg Zerg
  • League: Gold

글래머의씨앗 - Winner!

  • Race: Zerg Zerg
  • League: Gold

VOD

Have the link to the VOD?

Description

Time

  • Played on: Sept. 28, 2015, 10:36 p.m.
  • Length: 8:03
Show
View Real Time Build Order
Export as new Build Order

Javert Zerg 

Build Orders: Pool First 

Get SALT Encoding   

  12  0:01  Drone  
  13  0:15  Overlord  
  14  0:21  Drone  
  14  0:34  Drone x2  
  16  0:38  Drone  
  17  0:48  Spawning Pool  
  16  0:51  Drone  
  17  0:59  Drone  
  18  1:14  Hatchery  
  17  1:20  Drone  
  17  1:22  Extractor  
  17  1:23  Drone  
  18  1:42  Roach Warren  
  18  1:45  Queen  
  19  1:51  Drone  
  20  1:56  Overlord  
  20  2:25  Roach x3  
  20  2:28  Queen  
  28  2:35  Drone  
  29  2:38  Drone x2  
  31  2:48  Drone  
  32  2:59  Overlord  
  32  3:04  Baneling Nest, Drone  
  32  3:05  Drone x3  
  35  3:11  Drone  
  36  3:31  Roach x4  
  44  3:37  Overlord  
  44  3:56  Drone  
  44  3:57  Drone x7  
  52  4:03  Overlord  
  52  4:12  Evolution Chamber  
  52  4:15  Lair  
  51  4:18  Extractor  
  51  4:19  Overlord x2  
  50  4:35  Drone x6  
  56  4:43  Zerg Missile Weapons Level 1  
  56  4:46  Zergling x8  
  60  4:56  Roach x3  
  66  5:10  Overlord x2  
  66  5:16  Baneling  
  66  5:17  Baneling x4  
  66  5:22  Extractor  
  63  5:39  Roach x3  
  68  5:56  Overlord x2  
  68  6:05  Queen  
  68  6:08  Overlord x2  
  68  6:09  Glial Reconstitution  
  70  6:14  Drone x4  
  74  6:23  Hatchery  
  74  6:25  Roach x3  
  79  6:26  Roach  
  81  6:34  Baneling x3  
  81  6:41  Roach x2  
  85  6:56  Roach x4  
  93  7:06  Drone  
  93  7:07  Drone x10  
  104  7:22  Roach  
  108  7:23  Roach  
  108  7:27  Overlord x2  
  108  7:31  Spine Crawler  
Show
View Real Time Build Order
Export as new Build Order

글래머의씨앗 Zerg - Winner!

Build Orders: Pool First 

Get SALT Encoding   

  12  0:02  Drone  
  13  0:09  Drone  
  14  0:20  Overlord  
  14  0:39  Drone x2  
  14  0:40  Drone  
  17  0:51  Drone  
  17  0:55  Extractor  
  17  0:59  Spawning Pool  
  16  1:04  Drone  
  17  1:21  Hatchery  
  17  1:24  Drone  
  17  1:27  Drone  
  18  1:37  Overlord  
  18  1:48  Queen  
  18  1:53  Zergling x2  
  21  1:58  Metabolic Boost  
  21  2:10  Drone x2  
  23  2:22  Drone  
  24  2:23  Queen  
  24  2:29  Zergling x2  
  27  2:34  Drone  
  28  2:39  Queen  
  28  2:43  Zergling x2  
  31  2:54  Drone x2  
  33  3:07  Overlord  
  33  3:11  Drone x3  
  36  3:16  Spine Crawler  
  35  3:20  Drone  
  36  3:28  Roach Warren, Zergling x6  
  38  3:37  Zergling x2  
  38  3:38  Zergling x6  
  41  3:56  Evolution Chamber  
  40  4:03  Overlord  
  40  4:05  Drone  
  40  4:06  Drone x2  
  43  4:10  Spine Crawler  
  42  4:24  Roach x4  
  44  4:31  Zerg Missile Weapons Level 1  
  50  4:33  Lair  
  50  4:40  Overlord  
  50  4:41  Drone  
  51  4:56  Drone  
  52  5:00  Drone  
  52  5:01  Drone x7  
  60  5:10  Overlord  
  60  5:11  Overlord  
  59  5:35  Drone x11  
  62  5:36  Drone x2  
  62  5:41  Overseer  
  70  5:50  Roach x2  
  72  6:00  Extractor  
  72  6:02  Spore Crawler  
  69  6:06  Overseer  
  69  6:18  Hydralisk Den  
  69  6:20  Extractor  
  69  6:21  Extractor  
  69  6:22  Drone  
  69  6:23  Drone x6  
  73  6:45  Overlord x3  
  73  6:50  Hatchery  
  73  6:51  Extractor  
  71  6:57  Hydralisk  
  71  6:58  Hydralisk  
  75  7:04  Hydralisk x4  
  83  7:19  Zergling x4  
  83  7:20  Zergling x4  
  87  7:27  Evolution Chamber  
  86  7:36  Roach  
  98  7:37  Roach x5  
  98  7:39  Zergling x2  
Tags
 
Add a new tag
Caveats
  • Supply blocks, unpowered buildings, or Contaminate may cause inaccurate times.
  • Supply counts are checked every 10 seconds.